 Dungeon Crawl Stone Soup version 0.30-a0-778-g2ef04afb54 (webtiles) character file.

Game seed: 12454263830942099002

122 mandoloar the Digger (level 5, -4/29 HPs)
             Began as a Gargoyle Earth Elementalist on Feb 17, 2023.
             Killed by divine providence
             ... invoked by an orc priest
              (11 damage)
             ... on level 4 of the Dungeon.
             The game lasted 00:10:16 (2904 turns).

mandoloar the Digger (Gargoyle Earth Elementalist)  Turns: 2904, Time: 00:10:17

Health: -4/29      AC:  8    Str: 12    XL:     5   Next: 6%
Magic:  7/9        EV: 11    Int: 17    God:
Gold:   75         SH:  0    Dex: 10    Spells: 6/10 levels left

rFire   . . .      SeeInvis .    a - +0 mace
rCold   + + .      Faith    .    (no shield)
rNeg    + . .      Spirit   .    e - +0 robe
rPois   ∞          Reflect  .    h - +0 helmet
rElec   +          Harm     .    p - +0 cloak
rCorr   .          Rampage  .    (no gloves)
Will    .....                    (no boots)
Stlth   ++                       (no amulet)
HPRegen 0.24/turn                d - ring of protection from cold
MPRegen 0.11/turn                f - ring of protection from cold

@: no status effects
A: sickness immunity, AC +4, negative energy resistance 1, electricity
resistance, torment resistance 1, petrification resistance
a: no special abilities


You were on level 4 of the Dungeon.
You visited 1 branch of the dungeon, and saw 4 of its levels.

You collected 75 gold pieces.

Inventory:

Hand Weapons
 a - a +0 mace (weapon)
Missiles
 l - 2 poisoned darts
Armour
 e - a +0 robe (worn)
 h - a +0 helmet (worn)
 p - a +0 cloak (worn)
Jewellery
 d - a ring of protection from cold (left hand)
 f - a ring of protection from cold (right hand)
 g - an amulet of magic regeneration
Scrolls
 q - a scroll of teleportation
Potions
 b - a potion of magic
 c - a potion of lignification
 i - a potion of degeneration {unknown}
 j - a potion of berserk rage {unknown}
 m - a potion of curing {unknown}
 r - a potion of ambrosia {unknown}


   Skills:
 + Level 1.3 Fighting
 + Level 1.2 Maces & Flails
 + Level 1.4 Armour
 - Level 1.5 Dodging
 - Level 2.1 Stealth
 + Level 3.1 Spellcasting
 - Level 0.7 Transmutations
 + Level 4.8 Earth Magic


You had 6 spell levels left.
You knew the following spells:

 Your Spells              Type           Power      Damage    Failure   Level
a - Sandblast             Erth           38%        2d10      2%          1
b - Stone Arrow           Conj/Erth      20%        3d8       19%         3

Your spell library contained the following spells:

 Spells                   Type           Power      Damage    Failure   Level
 Passwall                 Tmut/Erth      10%        N/A       9%          2
 Call Canine Familiar     Summ           2%         N/A       45%         3
 Portal Projectile        Hex/Tloc       4%         N/A       45%         3
 Petrify                  Tmut/Erth      12%        N/A       50%         4
 Leda's Liquefaction      Hex/Erth       5%         N/A       54%         4


Dungeon Overview and Level Annotations

Branches:
Dungeon (4/15)
 Temple: D:4-7

Altars:
Yredelemnul


Innate Abilities, Weirdness & Mutations

You are immune to sickness and miasma.
Your stone body is resilient. (AC +4)
You are immune to poison.
You resist negative energy. (rN+)
You are resistant to electric shocks. (rElec)
You are resistant to unholy torment.
You are immune to petrification.


Message History

There is an entrance to a sewer on this level.
Hurry and find it before the portal rusts away!
Your butterfly disappears in a burst of colours! x34
There is a stone staircase leading up here.
As you read the scroll labelled VILAXK JIBLIR, it crumbles to dust.
You feel strangely unstable.
It was a scroll of teleportation.
As you read the scroll labelled PUARITHRAQUY, it crumbles to dust.
You hear a loud clanging noise!
It was a scroll of noise.
You hear an angry hiss.
You hear a shout! x2
Your surroundings suddenly seem different.
A kobold and an orc come into view.
The orc is wielding a +2 dagger of electrocution and wearing a +1 chain mail of cold resistance.
Found a leather armour.
An orc priest comes into view. It is wielding a +0 war axe.
The orc shouts!
An orc comes into view. It is wielding a +0 short sword.
An orc comes into view. It is wielding a +0 dagger.
The blast of sand hits the kobold.
You kill the kobold!
The orc shouts!
The orc priest shouts!
An orc priest comes into view. It is wielding a +0 dagger.
The orc priest shouts!
The orc priest looks braver for a moment.
The blast of sand hits the orc!
You kill the orc!
The orc priest casts a cantrip, but nothing happens.
Found a scroll labelled COATUU XANODU.
The orc priest mumbles some strange prayers to Beogh against you.
Beogh smites you!
The blast of sand hits the orc but does no damage.
The orc priest invokes the aid of Beogh against you.
Beogh smites you!
* * * LOW HITPOINT WARNING * * *
You start putting on your amulet.
You continue putting on your amulet of magic regeneration. x3
The orc barely misses you.
You continue putting on your amulet of magic regeneration.
The orc priest invokes the aid of Beogh against you.
Beogh smites you!
You die...

...#.... ....
.....?. . ....
...... .. ...o.
....## .# ....)##
....# ..#
...[...##...#..#
.....)o.##....##
........#o@....#
........o......#
.......#.#......#
....#.######....#
#.# ## ##### #


You could see an orc priest and an orc.

Vanquished Creatures
  Terence (D:2)
  3 gnolls (D:2)
  An adder (D:2)
  A dart slug (D:1)
  A worm (D:2)
  An orc (D:4)
  6 endoplasms
  2 giant cockroaches
  4 goblins (D:2)
  A hobgoblin (D:1)
  8 jackals
  4 quokkas
  6 ball pythons
  3 bats
  A frilled lizard (D:2)
  5 kobolds
  4 rats
52 creatures vanquished.

Notes
Turn   | Place    | Note
-------+----------+-------------------------------------------
     0 | D:1      | mandoloar the Gargoyle Earth Elementalist began the quest
                  | for the Orb.
     0 | D:1      | Reached XP level 1. HP: 10/10 MP: 3/3
   208 | D:1      | Reached skill level 4 in Earth Magic
   208 | D:1      | Reached XP level 2. HP: 12/15 MP: 1/5
  1067 | D:1      | Reached XP level 3. HP: 19/19 MP: 3/6
  1785 | D:2      | Noticed Terence
  1802 | D:2      | Killed Terence
  1803 | D:2      | Reached XP level 4. HP: 15/24 MP: 1/8
  1861 | D:2      | Reached skill level 1 in Armour
  1943 | D:2      | Reached skill level 1 in Fighting
  1952 | D:2      | Reached skill level 1 in Maces & Flails
  2197 | D:2      | Found a basalt altar of Yredelemnul.
  2484 | D:2      | Reached XP level 5. HP: 29/29 MP: 7/9
  2488 | D:2      | Learned a level 3 spell: Stone Arrow
  2880 | D:4      | Identified a scroll of acquirement
  2880 | D:4      | Acquired an amulet of magic regeneration
  2904 | D:4      | Killed from afar by an orc priest

Illustrated notes

Levels and vault maps discovered:
D:1:      lightli_arrival_farm, layout_basic, minmay_misc_feat_chi
D:2:      layout_loops_ring, basic_altar, uniq_terence
D:3:      layout_loops_corners, grunt_temple_overflow_open,
          small_statue_alley_b, kennysheep_pointless_box, minivault_19,
          minmay_misc_feat_ornament, kennysheep_cross_room, uniq_grinder,
          uniq_jessica
D:4:      layout_cave_pools, portal_sewer_entry_f

Skill      XL: |  1  2  3  4 |
---------------+-------------+-----
Earth Magic    | 4 |  4.8
Armour         | 1 |  1.4
Fighting       | 1 |  1.3
Maces & Flails | 1 |  1.2
Spellcasting   | 3 |  3.1
Dodging        | |  1.5
Stealth        | |  2.1
Transmutations | |  0.7

Action                     |  1- 3 |  4- 6 || total
---------------------------+-------+-------++-------
  Melee: Unarmed           |     2 |       ||     2
         Mace              |     5 |       ||     5
   Cast: Sandblast         |    51 |    30 ||    81
    Use: Scroll            |       |     6 ||     6
 Armour: Robe              |    12 |     4 ||    16
  Dodge: Dodged            |    34 |     5 ||    39

Table legend: (Time is in decaauts)
 A = Elapsed time spent in this place.
 B = Non-inter-level travel time spent in this place.
 C = Inter-level travel time spent in this place.
 D = Time resting spent in this place.
 E = Time spent auto-exploring this place.
 F = Levels seen in this place.
 G = Mean time per level.
                   A        B        C        D        E       F      G
               +--------+--------+--------+--------+--------+-----+--------+
         Total |   2964 |   2857 |    107 |    844 |   1596 |   4 |  741.0 |
       Dungeon |   2964 |   2857 |    107 |    844 |   1596 |   4 |  741.0 |
               +--------+--------+--------+--------+--------+-----+--------+

Top non-repeatable levels by time:
     D:1: 1744 daAuts
     D:2: 1178 daAuts
     D:4: 25 daAuts
     D:3: 15 daAuts
